AoeStats
← Paxius

Haboob

515494439Analyzed
1v1 RM · 14d ago on Oct 22, 2026· 34m 33s· 2 players
Game mode
Random Map
Map size
Tiny (2 player)
Population
200
Speed
Normal
Resources
Standard
Victory
Conquest
Starting age
Dark Age
Ending age
Imperial Age
RankedLock teamsTeams togetherTeam positionsShared explorationLock speedFull tech treeHidden civsTurbo modeCheats
Victory
Defeat
🇩🇪 Spanish · Germany
745
+19
vs
🇨🇿 Jurchens · Czechia
809
-19
Paxius
9:34 Loom
13:06 Feudal Age
20:40 Castle Age
19:58 Bloodlines
19:31 Horse Collar
20:18 Double-Bit Axe
21:34 Husbandry
25:08 Scale Barding Armor
32:40 Bow Saw
33:29 Chain Barding Armor
34:21 Forging
martinblazej29
7:20 Loom
8:28 Loom
11:25 Feudal Age
11:52 Horse Collar
11:59 Double-Bit Axe
17:00 Fletching
24:45 Castle Age
23:46 Padded Archer Armor
25:53 Elite Skirmisher
26:36 Bodkin Arrow
26:54 Pikeman
Connection lost

Rejoining the realm…

Still unreachable

The connection could not be restored.

Session expired

The server has moved on; the page needs a fresh start.